 Dungeon Crawl Stone Soup version 0.30-a0-305-g026cb31310 (webtiles) character file.

Game seed: 9264336009882206884

2765 blackman the Carver (level 10, -17/70 HPs)
             Began as a Human Delver on Oct 23, 2022.
             Was a Priest of Okawaru.
             Demolished by a spriggan (shapeshifter)
             ... wielding a +0 whip
              (21 damage)
             ... on level 8 of the Dungeon.
             The game lasted 00:12:32 (9547 turns).

blackman the Carver (Human Delver)                  Turns: 9547, Time: 00:12:32

Health: -17/70     AC:  6    Str: 12    XL:     10   Next: 1%
Magic:  10/10      EV: 12    Int: 12    God:    Okawaru [***...]
Gold:   402        SH:  0    Dex: 18    Spells: 9/9 levels left

rFire   . . .      SeeInvis .    h - +3 scimitar (chaos)
rCold   . . .      Faith    +    (no shield)
rNeg    + . .      Spirit   .    v - +0 steam dragon scales
rPois   .          Reflect  .    (no helmet)
rElec   .          Harm     .    z - scarf {shadows}
rCorr   +          Rampage  .    D - +0 pair of gloves
Will    .....                    (no boots)
Stlth   +++.......               C - amulet of faith
HPRegen 0.31/turn                A - ring of resist corrosion
MPRegen 0.12/turn                l - ring of positive energy

@: lethally poisoned (-17 -> -25)
A: no striking features
a: Renounce Religion, Heroism


You were on level 8 of the Dungeon.
You worshipped Okawaru.
Okawaru was most pleased with you.
You visited 2 branches of the dungeon, and saw 9 of its levels.

You collected 402 gold pieces.

Inventory:

Hand Weapons
 h - a +3 scimitar of chaos (weapon)
Missiles
 o - 2 boomerangs
 y - 8 poisoned darts (quivered)
Armour
 a - a +0 chain mail
 b - a +0 leather armour
 i - an orb of wrath
 v - +0 steam dragon scales (worn)
 z - a scarf of shadows (worn)
 D - a +0 pair of gloves (worn)
 F - a +0 cloak
Jewellery
 l - a ring of positive energy (right hand)
 A - a ring of resist corrosion (left hand)
 C - an amulet of faith (around neck)
 E - an amulet of the acrobat
Wands
 g - a wand of digging (11)
 t - a wand of roots (10)
Scrolls
 c - a scroll of fog
 d - a scroll of magic mapping
 e - 2 scrolls of fear
 j - 3 scrolls of teleportation
 n - 2 scrolls of blinking
 r - 2 scrolls of enchant armour
 u - 3 scrolls of immolation
Potions
 f - a potion of haste
 k - 2 potions of degeneration
 m - 3 potions of invisibility
 q - 2 potions of flight {unknown}
 s - a potion of attraction {unknown}
 w - a potion of resistance {unknown}
 B - 2 potions of heal wounds {unknown}
 G - 3 potions of mutation {unknown}
 H - a potion of might {unknown}


   Skills:
 - Level 3.0 Fighting
 * Level 9.9 Long Blades
 - Level 2.0 Dodging
 - Level 5.0 Stealth
 - Level 8.6 Evocations


You had 9 spell levels left.
You didn't know any spells.
Your spell library contained the following spells:

 Spells                   Type           Power      Damage    Failure   Level
 Kiss of Death            Conj/Necr      0%         2d5       32%         1
 Confusing Touch          Hex            0%         N/A       69%         3
 Dazzling Flash           Conj/Hex       0%         N/A       69%         3
 Cause Fear               Hex            0%         N/A       97%         4
 Dispel Undead            Necr           0%         3d6       97%         4
 Iskenderun's Mystic Bla  Conj/Tloc      0%         2d3       97%         4
 Starburst                Conj/Fire      0%         6d3       100%        6
 Dragon Form              Tmut           0%         N/A       100%        7
 Dragon's Call            Summ           Unusable   N/A       N/A         9

Dungeon Overview and Level Annotations

Branches:
Dungeon (8/15)             Temple (1/1) D:5
   Lair: D:8-11

Altars:
Ashenzari
Cheibriados
Dithmenos
Elyvilon
Fedhas
Gozag
Kikubaaqudgha
Makhleb
Nemelex Xobeh
Okawaru
Qazlal
Ru
Sif Muna
Trog
Uskayaw
Vehumet
Wu Jian
Xom
Zin
The Shining One

Shops:
D:3 !   D:5 *


Message History

You hit the spriggan.
The spriggan goes berserk!
You punch the spriggan.
The spriggan is moderately wounded.
You feel very sick. The spriggan hits you with a +0 whip!!
You slice the spriggan!!
The spriggan flickers and vanishes!
Deactivating autopickup; reactivate with Ctrl-A.
Your punch misses something.
You feel very sick. Something hits you!!
* * * LOW HITPOINT WARNING * * *
The orc hits you with a +1 short sword of venom.
* * * LOW HITPOINT WARNING * * *
You are lethally poisoned!
Something hits you.
* * * LOW HITPOINT WARNING * * *
You are too injured to fight recklessly!
You are too injured to fight recklessly!
You are confused.
You feel invigorated.
* * * LOW HITPOINT WARNING * * *
You feel very sick.
The orc hits you with a +1 short sword of venom.
* * * LOW HITPOINT WARNING * * *
You are more poisoned.
Something hits you!
* * * LOW HITPOINT WARNING * * *
It was a potion of curing.
You feel better.
You feel less invigorated. Something hits you!
* * * LOW HITPOINT WARNING * * *
The orc barely misses you. Something barely misses you.
You feel better. The orc hits you but does no damage.
You are poisoned.
Something hits you.
* * * LOW HITPOINT WARNING * * *
As you read the scroll of fear, it crumbles to dust.
You assume a fearsome visage.
The orc looks frightened!
* * * LOW HITPOINT WARNING * * *
You feel very sick. Something hits you!!
You die...

#.###### #......#
.>.....# #...#
#......## ###....#
........# ##......#
.....{o.# .......#
#@.# #.....#
#####.#####.....#
...(....)[.......#
.#####..####.....#####
#...........ยง.....
#....#####......#.
#....# #......+.
#..... #......#.
#....$ ###.##...


You could see an orc (fleeing).

Vanquished Creatures
  Sigmund (D:3)
  4 steam dragons
  2 water moccasins (D:7)
  2 ice beasts
  A black bear (D:6)
  A phantom (D:5)
  A bullfrog (D:7)
  Blork the orc (D:4)
  2 necrophages (D:6)
  5 scorpions
  9 wights
  4 killer bees (D:7)
  A jelly (D:7)
  A hound (D:5)
  Crazy Yiuf (D:3)
  An orc wizard (D:3)
  2 iguanas
  8 adders
  A white imp (D:5)
  An ufetubus (D:7)
  3 dart slugs (D:1)
  16 orcs
  7 endoplasms
  6 goblins
  6 hobgoblins
  9 jackals
  10 kobolds
  2 quokkas
  A ball python (D:1)
  3 bats
  5 frilled lizards
  4 rats
121 creatures vanquished.

Notes
Turn   | Place    | Note
-------+----------+-------------------------------------------
     0 | D:5      | blackman the Human Delver began the quest for the Orb.
     0 | D:5      | Reached XP level 1. HP: 18/18 MP: 1/1
    29 | D:5      | Found Joobachatik's General Store.
    31 | D:5      | Noticed an ice beast
    41 | D:5      | Reached skill level 1 in Evocations
    41 | D:5      | Reached XP level 2. HP: 16/24 MP: 2/2
    45 | D:5      | Killed an ice beast
    46 | D:5      | Reached XP level 3. HP: 21/29 MP: 3/3
    46 | D:5      | Reached XP level 4. HP: 26/35 MP: 4/4
    46 | D:5      | Reached XP level 5. HP: 30/41 MP: 5/5
   509 | D:5      | Found a staircase to the Ecumenical Temple.
   518 | Temple   | Entered the Ecumenical Temple
   709 | Temple   | Became a worshipper of Warmaster Okawaru
   792 | D:5      | Reached skill level 5 in Evocations
   792 | D:5      | Reached XP level 6. HP: 47/47 MP: 6/6
  1417 | D:6      | Reached XP level 7. HP: 15/51 MP: 7/7
  1871 | D:6      | Reached * piety under Okawaru
  2614 | D:6      | Reached XP level 8. HP: 57/58 MP: 8/8
  2868 | D:3      | Found a sacrificial altar of Ru.
  2910 | D:3      | Found Samnawn's Distillery.
  3681 | D:3      | Reached skill level 3 in Long Blades
  4410 | D:1      | Found a faded altar of an unknown god.
  5072 | D:3      | Noticed Sigmund
  5076 | D:3      | Killed Sigmund
  5077 | D:3      | Reached skill level 4 in Long Blades
  5277 | D:3      | Found a hide-covered altar of Uskayaw.
  5346 | D:3      | Reached skill level 5 in Long Blades
  5418 | D:3      | Found a blossoming altar of Fedhas.
  5741 | D:3      | Found a runed translucent door.
  5742 | D:3      | Noticed Crazy Yiuf
  5753 | D:3      | Killed Crazy Yiuf
  6138 | D:4      | Noticed Blork the orc
  6150 | D:4      | Killed Blork the orc
  6999 | D:5      | Reached skill level 6 in Long Blades
  6999 | D:5      | Reached XP level 9. HP: 57/63 MP: 9/9
  7225 | D:6      | Reached ** piety under Okawaru
  8035 | D:7      | Reached skill level 7 in Long Blades
  8269 | D:7      | Reached skill level 8 in Long Blades
  8811 | D:7      | Reached skill level 9 in Long Blades
  9310 | D:8      | Reached *** piety under Okawaru
  9532 | D:8      | Reached XP level 10. HP: 62/70 MP: 10/10
  9544 | D:8      | HP: 2/70 [something (11)]
  9547 | D:8      | Demolished by a spriggan (shapeshifter)

Illustrated notes

Levels and vault maps discovered:
D:1:      mrwooster_arrival_arrow, layout_basic,
          hellmonk_ecumenical_altar_zigzags, hangedman_decor_riveting
D:2:      layout_loops_ring
D:3:      layout_basic, fedhas_altar_4, mainiacjoe_overflow_catch_the_wave,
          serial_shops, nicolae_shop_hallway_plus, supply_closet_lemuel,
          minmay_fractal_squares_gapless_5, uniq_sigmund,
          uniq_crazy_yiuf_cottage
D:4:      layout_loops_ring, uniq_blork_the_orc
D:5:      layout_loops_ring, minmay_temple_entry_mini_moons, serial_shops, shop
D:6:      layout_loops_cross
D:7:      layout_basic
D:8:      layout_basic, grunt_ogre_cave, minivault_19
Temple:   minmay_crystal_spiral_temple

Skill      XL: |  1  2  3  4  5  6  7  8  9 |
---------------+----------------------------+-----
Evocations     | 1 4 5 6 8 |  8.6
Long Blades    | 6 9 |  9.9
Fighting       | |  3.0
Dodging        | |  2.0
Stealth        | |  5.0

Action                   |  1- 3 |  4- 6 |  7- 9 | 10-12 || total
-------------------------+-------+-------+-------+-------++-------
Melee: Falchion          |     5 |    47 |    15 |       ||    67
       Scimitar          |       |       |   268 |     7 ||   275
       Punch             |       |       |     5 |     1 ||     6
Throw: Boomerang         |       |       |     6 |       ||     6
Invok: Heroism           |       |       |     1 |       ||     1
Evoke: Wand              |     5 |     4 |    13 |       ||    22
  Use: Scroll            |       |       |    13 |     1 ||    14
       Potion            |       |       |     1 |     3 ||     4
 Stab: Sleeping          |       |     3 |    20 |       ||    23
Armor: Leather armour    |     3 |    12 |    47 |       ||    62
       Steam dragon scal |       |       |    18 |     3 ||    21
Dodge: Dodged            |     3 |    24 |   216 |     6 ||   249

Table legend: (Time is in decaauts)
 A = Elapsed time spent in this place.
 B = Non-inter-level travel time spent in this place.
 C = Inter-level travel time spent in this place.
 D = Time resting spent in this place.
 E = Time spent auto-exploring this place.
 F = Levels seen in this place.
 G = Mean time per level.
                   A        B        C        D        E       F      G
               +--------+--------+--------+--------+--------+-----+--------+
         Total |   9602 |   9031 |    571 |   2567 |   5376 |   9 | 1066.9 |
       Dungeon |   9386 |   8903 |    483 |   2567 |   5265 |   8 | 1173.2 |
        Temple |    216 |    128 |     88 |      0 |    111 |   1 |  216.0 |
               +--------+--------+--------+--------+--------+-----+--------+

Top non-repeatable levels by time:
     D:6: 2270 daAuts
     D:3: 1648 daAuts
     D:5: 1321 daAuts
     D:7: 1115 daAuts
     D:4: 1053 daAuts
     D:1: 873 daAuts
     D:2: 667 daAuts
     D:8: 435 daAuts
  Temple: 216 daAuts
